 Dungeon Crawl Stone Soup version 0.27-a0-277-g024f7ef292 (webtiles) character file.

Game seed: 16265242474361507407

113 gimp the Digger (level 4, -4/28 HPs)
             Began as an Octopode Earth Elementalist on Feb 6, 2021.
             Killed from afar by an orc (24 damage)
             ... with a bolt of acid
             ... on level 4 of the Dungeon.
             The game lasted 00:03:35 (3168 turns).

gimp the Digger (Octopode Earth Elementalist)       Turns: 3168, Time: 00:03:36

Health: -4/28      AC:  1    Str:  7    XL:     4   Next: 96%
Magic:  4/7        EV: 14    Int: 18    God:
Gold:   163        SH:  0    Dex: 18    Spells: 4/8 levels left

rFire    . . .     SeeInvis .   (no weapon)
rCold    . . .     Faith    .   (no shield)
rNeg     . . .     Spirit   .   (helmet restricted)
rPois    .         Reflect  .   (no amulet)
rElec    .         Harm     .   p - +6 ring of dexterity
rCorr    .         Rampage  .   (no ring)
Will     .....                  (no ring)
Stlth    +++.......             (no ring)
HPRegen  0.09/turn              (no ring)
MPRegen  0.10/turn              (no ring)
                                (no ring)
                                (no ring)

@: no status effects
A: almost no armour, stealthy swim, amphibious, 8 rings, constrict 8, camouflage
1, gelatinous body 1
a: no special abilities


You were on level 4 of the Dungeon.
You visited 1 branch of the dungeon, and saw 4 of its levels.

You collected 163 gold pieces.

Inventory:

Jewellery
 n - an uncursed ring of ice
 p - a +6 ring of dexterity (left tentacle)
Scrolls
 a - 4 scrolls of identify {unknown}
 c - a scroll of enchant armour {unknown}
 d - 3 scrolls of teleportation {unknown}
 h - a scroll of magic mapping {unknown}
 i - a scroll of amnesia {unknown}
 k - a scroll of immolation {unknown}
 l - a scroll of random uselessness {unknown}
 o - a scroll of fear {unknown}
Potions
 e - a potion of heal wounds {unknown}
 f - 2 potions of flight {unknown}
 g - 2 potions of curing
 j - a potion of lignification {unknown}
 m - 2 potions of mutation {unknown}


   Skills:
 - Level 1.0 Fighting
 - Level 2.0 Dodging
 - Level 2.6 Stealth
 + Level 2.5 Spellcasting
 * Level 1.9 Conjurations
 - Level 1.0 Transmutations
 * Level 4.4 Earth Magic


You had 4 spell levels left.
You knew the following spells:

 Your Spells              Type           Power        Failure   Level
a - Stone Arrow           Conj/Erth      26%          14%         3
b - Sandblast             Erth           36%          2%          1

Your spell library contained the following spells:

 Spells                   Type           Power        Failure   Level
 Passwall                 Tmut/Erth      10%          9%          2
 Petrify                  Tmut/Erth      12%          50%         4
 Lee's Rapid Deconstruct  Erth           9%           61%         5


Dungeon Overview and Level Annotations

Branches:
Dungeon (4/15)
 Temple: D:4-7

Altars:
Elyvilon
Okawaru
Xom


Innate Abilities, Weirdness & Mutations

You cannot wear most types of armour.
You are very stealthy in the water. (Stealth+)
You are amphibious.
You can wear up to eight rings at the same time.
You can use your tentacles to constrict eight enemies at once.
Your skin changes colour to match your surroundings (Stealth+).
Your rubbery body absorbs attacks. (AC +1, EV +1)


Message History

The jackal skeleton is splashed with acid!
The jackal skeleton is destroyed!
The bolt of acid hits you!
You are splashed with acid!
You take 18 damage, and have 9/28 hp.
MASSIVE DAMAGE!!
The orc hits you with a +0 short sword.
* * * LOW HITPOINT WARNING * * *
You take 6 damage, and have 3/28 hp.
MASSIVE DAMAGE!!
It was a potion of curing.
You feel better.
The orc zaps a wand.
The bolt of acid misses you.
You regained 8 hp, and now have 11/28 hp.
You feel better. The orc hits you with a +0 short sword.
You regained 9 hp, and now have 20/28 hp.
You tentacle-slap the orc but do no damage.
You grab the orc. You constrict the orc. The orc barely misses you.
Your magical contamination has completely faded away.
You tentacle-slap the orc but do no damage.
The orc is lightly wounded.
You constrict the orc.
The orc zaps a wand.
The bolt of acid hits you!!
Ouch! That really hurt!
You die...

.. #)..# ..#
#.#.#
#....#####...#
#.##.......#.# ##
#........)...# ..
..###...#†#.# #.
#.# ##.##.#.#
#..##>###...#<#.#
#.....o@......#.#
#...#.###...#.#.#
......#.#
##..)...# ....#
#.####......#
.#.#
#.........#.# #.
#######.###.# .
#.# #.# #.# #.#
#.# #.#


You could see an orc.

Vanquished Creatures
  An orc wizard (D:3)
  A worker ant (D:3)
  An adder skeleton (D:4)
  2 worms
  2 dart slugs
  6 orcs (D:4)
  3 hobgoblins
  8 kobolds
  4 quokkas
  2 ball pythons
  A ball python skeleton (D:4)
  8 frilled lizards
  6 goblins
  A jackal skeleton (D:4)
  A quokka skeleton (D:4)
  3 rats (D:2)
50 creatures vanquished.

Vanquished Creatures (others)
  A jackal skeleton (D:4)
1 creature vanquished.

Grand Total: 51 creatures vanquished

Notes
Turn   | Place    | Note
-------+----------+-------------------------------------------
     0 | D:1      | gimp the Octopode Earth Elementalist began the quest for
                  | the Orb.
     0 | D:1      | Reached XP level 1. HP: 11/11 MP: 3/3
   470 | D:1      | Reached XP level 2. HP: 18/18 MP: 3/5
   610 | D:1      | Found a glowing golden altar of the Shining One.
   612 | D:1      | Found a hazy altar of Hepliaklqana.
   612 | D:1      | Found a hide-covered altar of Uskayaw.
   614 | D:1      | Found a shimmering altar of Xom.
   614 | D:1      | Found a basalt altar of Yredelemnul.
   614 | D:1      | Found a shimmering altar of Xom.
  1003 | D:2      | Reached skill level 1 in Fighting
  1035 | D:2      | You fall into a shaft and drop 1 floor!
  1307 | D:3      | Found a white marble altar of Elyvilon.
  1448 | D:3      | Reached XP level 3. HP: 23/23 MP: 4/6
  1452 | D:3      | Learned a level 3 spell: Stone Arrow
  2370 | D:3      | Reached skill level 1 in Conjurations
  2370 | D:3      | Reached skill level 4 in Earth Magic
  2370 | D:3      | Reached XP level 4. HP: 18/28 MP: 0/7
  2489 | D:3      | Found an iron altar of Okawaru.
  3168 | D:4      | Killed from afar by an orc

Illustrated notes

Levels and vault maps discovered:
D:1:      nicolae_arrival_washed_ashore, layout_loops_ring, serial_forest,
          infiniplex_forest_corner_1, infiniplex_forest_end_3,
          infiniplex_forest_corner_2, infiniplex_forest_clump_double,
          infiniplex_forest_end_2, infiniplex_forest_lined_1,
          doesnt_xom_only_xom
D:2:      layout_rooms, serial_glass, glass_columns_b, glass_columns_b,
          feat_on_display, feat_on_display, feat_on_display, feat_on_display,
          kennysheep_another_room, minivault_25
D:3:      layout_basic, okawaru_metal_pillars_1_2, elyvilon_altar_5
D:4:      layout_loops_ring, nicolae_dithmenos_the_darkroom, marbit_many_paths,
          lemuel_coloured_pillars_altar

Skill      XL: |  1  2  3 |
---------------+----------+-----
Fighting       | 1 |  1.0
Conjurations   | 1 |  1.9
Earth Magic    | 4 |  4.4
Dodging        | |  2.0
Stealth        | |  2.6
Spellcasting   | |  2.5
Transmutations | |  1.0

Action                   |  1- 3 |  4- 6 || total
-------------------------+-------+-------++-------
Melee: Unarmed           |       |    18 ||    18
       Constrict         |       |     5 ||     5
       Tentacles         |       |     1 ||     1
 Cast: Sandblast         |    55 |    21 ||    76
  Use: Potion            |       |     2 ||     2
Armor: Skin              |       |     1 ||     1
Dodge: Dodged            |     6 |    16 ||    22

Table legend: (Time is in decaauts)
 A = Elapsed time spent in this place.
 B = Non-inter-level travel time spent in this place.
 C = Inter-level travel time spent in this place.
 D = Time resting spent in this place.
 E = Time spent auto-exploring this place.
 F = Levels seen in this place.
 G = Mean time per level.
                   A        B        C        D        E       F      G
               +--------+--------+--------+--------+--------+-----+--------+
         Total |   3167 |   2974 |    193 |    114 |   2499 |   4 |  791.8 |
       Dungeon |   3167 |   2974 |    193 |    114 |   2499 |   4 |  791.8 |
               +--------+--------+--------+--------+--------+-----+--------+

Top non-repeatable levels by time:
     D:3: 1184 daAuts
     D:1: 999 daAuts
     D:2: 590 daAuts
     D:4: 393 daAuts
